 Dungeon Crawl Stone Soup version 0.30-a0-42-g806c11bf1d (webtiles) character file.

Game seed: 11128041139527880329

36 BritishOli the Trooper (level 3, -4/29 HPs)
             Began as a Demonspawn Fighter on Aug 30, 2022.
             Slain by Terence
             ... wielding a +0 mace
              (6 damage)
             ... on level 2 of the Dungeon.
             The game lasted 00:00:57 (1193 turns).

BritishOli the Trooper (Demonspawn Fighter)         Turns: 1193, Time: 00:00:57

Health: -4/29      AC:  6    Str: 18    XL:     3   Next: 19%
Magic:  3/3        EV:  9    Int:  9    God:
Gold:   85         SH:  4    Dex: 12    Spells: 2/2 levels left

rFire   . . .      SeeInvis .    a - +0 long sword
rCold   . . .      Faith    .    c - +0 buckler
rNeg    . . .      Spirit   .    b - +0 scale mail
rPois   .          Reflect  .    (no helmet)
rElec   .          Harm     .    (no cloak)
rCorr   .          Rampage  .    (no gloves)
Will    .....                    (no boots)
Stlth   ..........               (no amulet)
HPRegen 0.09/turn                (no ring)
MPRegen 0.08/turn                (no ring)

@: no status effects
A: hooves 1, demonic guardian 1
a: no special abilities


You were on level 2 of the Dungeon.
You visited 1 branch of the dungeon, and saw 2 of its levels.

You collected 85 gold pieces.

Inventory:

Hand Weapons
 a - a +0 long sword (weapon)
Armour
 b - a +0 scale mail (worn)
 c - a +0 buckler (worn)
Jewellery
 i - a ring of fire
 m - a ring of poison resistance
Scrolls
 e - a scroll of amnesia {unknown}
 l - a scroll of noise {unknown}
Potions
 d - a potion of might
 f - 2 potions of heal wounds {unknown}
 g - a potion of cancellation {unknown}
 h - a potion of berserk rage {unknown}
 j - a potion of magic {unknown}
 k - a potion of mutation {unknown}


   Skills:
 + Level 3.3 Fighting
 + Level 2.2 Long Blades
 + Level 3.0 Armour
 + Level 3.0 Shields


You had 2 spell levels left.
You didn't know any spells.
Your spell library was empty.

Dungeon Overview and Level Annotations

Branches:
Dungeon (2/15)

Altars:
Hepliaklqana

Annotations:
D:2 Terence


Innate Abilities, Weirdness & Mutations

You have large cloven feet.
A weak demonic guardian rushes to your aid.


Message History

You hit Terence but do no damage.
Terence is lightly wounded.
Terence closely misses you.
Terence is nearby!
You barely miss Terence.
Terence is lightly wounded.
Terence hits you with a +0 mace!
A demonic guardian appears!
Terence is nearby!
You hit Terence but do no damage.
Terence is lightly wounded.
Terence barely misses you. Terence hits you with a +0 mace.
Terence is nearby!
You are too injured to fight recklessly!
You are too injured to fight recklessly!
You are too injured to fight recklessly!
You swap places.
Your ufetubus barely misses Terence.
Your ufetubus hits Terence but does no damage.
Terence hits your ufetubus with a +0 mace.
Your ufetubus closely misses Terence.
Your ufetubus barely misses Terence.
Terence hits your ufetubus with a +0 mace!
Your ufetubus dies!
Your ufetubus disappears in a puff of smoke!
You hit Terence but do no damage. You kick Terence.
Terence is moderately wounded.
Terence hits you with a +0 mace!
* * * LOW HITPOINT WARNING * * *
You hit Terence but do no damage. Your kick misses Terence.
Terence is moderately wounded.
Terence hits you with a +0 mace.
* * * LOW HITPOINT WARNING * * *
You slash Terence!
Terence is severely wounded.
Terence barely misses you. Terence hits you but does no damage.
You barely miss Terence. Your kick misses Terence.
Terence is severely wounded.
Terence hits you with a +0 mace.
* * * LOW HITPOINT WARNING * * *
A demonic guardian appears!
Terence attacks as you move away! Terence hits you with a +0 mace.
You die...

#............#
#............#
#............########
....†.(##.#.........#
##.....##.#...#####.###
###....##.#.#.........#
8^.....##.#.#......##.#
###.........>.._..###.#
.....##.##....@@....#
.#####...##.....5.####
.. #.###.....# #.
#####.# #. #.# #.# #.#
#[# #.#


You could see Terence (ally target) and a friendly ufetubus (summoned).

Vanquished Creatures
  A dart slug (D:1)
  3 endoplasms (D:1)
  A giant cockroach (D:1)
  A goblin (D:1)
  7 hobgoblins
  A quokka (D:1)
  4 ball pythons
  4 bats (D:1)
  2 frilled lizards (D:1)
  3 kobolds (D:1)
  3 rats
30 creatures vanquished.

Vanquished Creatures (collateral kills)
  A ball python (D:1)
  A rat (D:1)
2 creatures vanquished.

Grand Total: 32 creatures vanquished

Notes
Turn   | Place    | Note
-------+----------+-------------------------------------------
     0 | D:1      | BritishOli the Demonspawn Fighter began the quest for the
                  | Orb.
     0 | D:1      | Reached XP level 1. HP: 18/18 MP: 1/1
   182 | D:1      | Gained mutation: A weak demonic guardian rushes to your
                  | aid. [demonic ancestry]
   182 | D:1      | Reached XP level 2. HP: 24/24 MP: 2/2
   859 | D:1      | Gained mutation: You have large cloven feet. [demonic
                  | ancestry]
   859 | D:1      | Reached XP level 3. HP: 28/29 MP: 3/3
  1157 | D:2      | Found a hazy altar of Hepliaklqana.
  1172 | D:2      | Noticed Terence
  1193 | D:2      | Slain by Terence

Illustrated notes

Levels and vault maps discovered:
D:1:      erik_arrival_blinker_ship, layout_basic
D:2:      layout_basic, basic_altar, ebering_dispersal_statue_hall, uniq_terence

Skill      XL: |  1  2 |
---------------+-------+-----
Long Blades    | 2 |  2.2
Shields        | 3 |  3.0
Armour         | 3 |  3.0
Fighting       | |  3.3

Action                   || total
-------------------------++-------
Melee: Long sword        ||    91
       Kick              ||     5
Armor: Scale mail        ||    47
Dodge: Dodged            ||    50
Block: Buckler           ||    19

Table legend: (Time is in decaauts)
 A = Elapsed time spent in this place.
 B = Non-inter-level travel time spent in this place.
 C = Inter-level travel time spent in this place.
 D = Time resting spent in this place.
 E = Time spent auto-exploring this place.
 F = Levels seen in this place.
 G = Mean time per level.
                   A        B        C        D        E       F      G
               +--------+--------+--------+--------+--------+-----+--------+
         Total |   1223 |   1209 |     14 |      0 |    999 |   2 |  611.5 |
       Dungeon |   1223 |   1209 |     14 |      0 |    999 |   2 |  611.5 |
               +--------+--------+--------+--------+--------+-----+--------+

Top non-repeatable levels by time:
     D:1: 1009 daAuts
     D:2: 214 daAuts
